[Event "Late Titled Tuesday Blitz February 8 2022"]
[White "Clawitter, Craig"]
[Black "Khripachenko, Alexander"]
[WhiteFideId "2023105"]
[BlackFideId "54184975"]
[WhiteElo "2196"]
[BlackElo "2177"]
[Result "0-1"]
[Round "01"]
[TimeControl "180+1"]
[Date "2022.02.09"]
[WhiteClock "0:02:16"]
[BlackClock "0:02:28"]

1. e4 c5 2. Nf3 Nf6 3. d4 Nxe4 4. Bd3 d5 5. dxc5 Nxc5 6. O-O Nc6 7. Re1 e6 8. Bf1 Be7 9. c4 dxc4 10. Qc2 O-O 11. Bxc4 b6 12. Nc3 Bb7 13. Bf4 Nd4 14. Nxd4 Qxd4 15. Ne2 Qe4 0-1


[Site "https://www.chess.com"]

[Event "Late Titled Tuesday Blitz February 8 2022"]
[White "Coelho, Ramyres Santana"]
[Black "Michelakos, Panagiotis"]
[WhiteFideId "2120690"]
[BlackFideId "4216067"]
[WhiteElo "1888"]
[BlackElo "2140"]
[Result "0-1"]
[Round "01"]
[TimeControl "180+1"]
[Date "2022.02.09"]
[WhiteClock "0:00:04"]
[BlackClock "0:00:04"]

1. e4 c5 2. Nf3 g6 3. d4 cxd4 4. c3 Bg7 5. cxd4 d6 6. Nc3 Nf6 7. Be2 Bg4 8. O-O O-O 9. h3 Bxf3 10. Bxf3 Nc6 11. Be3 Nd7 12. d5 Nce5 13. Be2 Rc8 14. Rc1 a6 15. Bd4 Qa5 16. f4 Nc4 17. Bxg7 Kxg7 18. Qd4+ Nce5 19. fxe5 Nxe5 20. Kh1 b5 21. Bg4 Rc4 22. Qe3 b4 23. Ne2 Qxa2 24. Rxc4 Qxc4 25. Rc1 Qa2 26. Rc7 Re8 27. Qd4 a5 28. Nf4 Qb1+ 29. Kh2 Qf1 30. Qe3 a4 31. Bd7 Ra8 32. Bc6 Rf8 33. Rxe7 a3 34. Ne6+ Kg8 35. Nxf8 Kxf8 36. Re8+ Kg7 37. bxa3 bxa3 38. Qxa3 Nd3 39. Qc3+ Kh6 40. Qc2 Qf4+ 41. g3 Qe3 42. Qg2 Ne1 43. Qg1 Nf3+ 44. Kg2 Nxg1 45. h4 Nf3 46. Kh3 Qf2 47. Kg4 Ng1 48. h5 Qf3+ 49. Kh4 Qxh5# 0-1


[Site "https://www.chess.com"]

[Event "Late Titled Tuesday Blitz February 8 2022"]
[White "Costachi, Mihnea"]
[Black "Estrada Nieto, Julian"]
[WhiteFideId "1217518"]
[BlackFideId "5101018"]
[WhiteElo "2464"]
[BlackElo "2246"]
[Result "1-0"]
[Round "01"]
[TimeControl "180+1"]
[Date "2022.02.09"]
[WhiteClock "0:01:08"]
[BlackClock "0:00:20"]

1. e4 e5 2. f4 d5 3. exd5 exf4 4. Nf3 Nf6 5. Bb5+ c6 6. dxc6 bxc6 7. Bc4 Bd6 8. O-O O-O 9. Nc3 Bg4 10. d3 Nbd7 11. Ne4 Nxe4 12. dxe4 Ne5 13. Be2 Qb6+ 14. Kh1 Bxf3 15. Bxf3 Rad8 16. Qe2 Rfe8 17. c3 Nxf3 18. Qxf3 f6 19. Rb1 Qa6 20. a3 Be5 21. Bxf4 Rd3 22. Qe2 Qc4 23. Rbd1 Rxc3 24. Qh5 g6 25. Qh4 Rc2 26. Bxe5 Qe2 27. Rg1 fxe5 28. Rd7 Rd2 29. Qxh7+ 1-0


[Site "https://www.chess.com"]

[Event "Late Titled Tuesday Blitz February 8 2022"]
[White "Curtis, John"]
[Black "Potapova, Margarita"]
[WhiteFideId "3200256"]
[BlackFideId "14126869"]
[WhiteElo "2203"]
[BlackElo "2209"]
[Result "1-0"]
[Round "01"]
[TimeControl "180+1"]
[Date "2022.02.09"]
[WhiteClock "0:01:09"]
[BlackClock "0:00:03"]

1. e4 c5 2. Nf3 d6 3. d4 cxd4 4. Nxd4 Nf6 5. Nc3 a6 6. Be2 e5 7. Nb3 Be7 8. Be3 O-O 9. O-O Be6 10. f4 exf4 11. Bxf4 Nc6 12. Kh1 Ne5 13. Nd4 Re8 14. Nxe6 fxe6 15. Bxe5 dxe5 16. Bg4 Bc5 17. Qe2 Bd4 18. Nd1 Rc8 19. c3 Bb6 20. Bf3 Qc7 21. Nf2 Rcd8 22. Ng4 Nd7 23. Ne3 Bxe3 24. Qxe3 Qc5 25. Qg5 Qe7 26. Qg3 Rf8 27. Rfd1 h6 28. Rd2 Nb6 29. Rad1 Rxd2 30. Rxd2 Nc4 31. Rf2 Rd8 32. h3 Qd6 33. Bh5 Rf8 34. Rxf8+ Qxf8 35. Bg4 Qf6 36. b3 Nd2 37. Qd3 Qf4 38. Bxe6+ Kh7 39. Bf5+ g6 40. Qd7+ Kh8 41. Qe8+ Kg7 42. Qxg6+ Kf8 43. Qd6+ Ke8 44. Bg6+ 1-0


[Site "https://www.chess.com"]

[Event "Late Titled Tuesday Blitz February 8 2022"]
[White "Da Paz, Leonardo Gadelha"]
[Black "Al-Tarboush, Ward"]
[WhiteFideId "2109743"]
[BlackFideId "7601450"]
[WhiteElo "2035"]
[BlackElo "2276"]
[Result "0-1"]
[Round "01"]
[TimeControl "180+1"]
[Date "2022.02.09"]
[WhiteClock "0:00:50"]
[BlackClock "0:01:13"]

1. e4 e6 2. d4 d5 3. Nd2 c5 4. exd5 Qxd5 5. Ngf3 cxd4 6. Bc4 Qd6 7. O-O Nf6 8. Ne4 Nxe4 9. Re1 Nf6 10. c3 dxc3 11. Qb3 Nc6 12. Qxc3 Be7 13. Be3 O-O 14. Rad1 Qb4 15. Qc2 e5 16. a3 Qa5 17. b4 Qxa3 18. b5 Nb4 19. Qe2 e4 20. Nd4 Nbd5 21. Nc2 Qd6 22. Bxd5 Nxd5 23. Qc4 Nxe3 24. Rxd6 Nxc4 25. Rd4 Be6 26. Rdxe4 Rad8 27. h3 Bf6 28. Ne3 Nxe3 29. R4xe3 Bc4 0-1


[Site "https://www.chess.com"]

[Event "Late Titled Tuesday Blitz February 8 2022"]
[White "Dauner, Benedikt"]
[Black "Kamsky, Gata"]
[WhiteFideId "16225899"]
[BlackFideId "2000024"]
[WhiteElo "2230"]
[BlackElo "2645"]
[Result "0-1"]
[Round "01"]
[TimeControl "180+1"]
[Date "2022.02.09"]
[WhiteClock "0:00:03"]
[BlackClock "0:00:58"]

1. d4 f5 2. Nf3 g6 3. h4 Nf6 4. h5 Nxh5 5. Rxh5 gxh5 6. e4 Bg7 7. Bc4 e6 8. Bg5 Bf6 9. Ne5 O-O 10. Bh6 Bg7 11. Qxh5 Bxh6 12. Qxh6 Qf6 13. Qe3 fxe4 14. Nc3 d5 15. Nxd5 exd5 16. Bxd5+ Kh8 17. Bxe4 Nc6 18. g3 Nxe5 19. dxe5 Qxe5 20. O-O-O Bf5 21. Bxb7 Qxe3+ 22. fxe3 Rad8 0-1


[Site "https://www.chess.com"]

[Event "Late Titled Tuesday Blitz February 8 2022"]
[White "Deac, Bogdan-Daniel"]
[Black "Atanasov, Anthony"]
[WhiteFideId "1226380"]
[BlackFideId "2623897"]
[WhiteElo "2646"]
[BlackElo "1928"]
[Result "1-0"]
[Round "01"]
[TimeControl "180+1"]
[Date "2022.02.08"]
[WhiteClock "0:00:44"]
[BlackClock "0:00:02"]

1. c4 Nf6 2. Nc3 d5 3. cxd5 Nxd5 4. Nf3 g6 5. h4 Nxc3 6. dxc3 Qxd1+ 7. Kxd1 c5 8. h5 Bg7 9. e4 Bg4 10. h6 Bf6 11. Kc2 Nc6 12. Be3 b6 13. Nd2 O-O-O 14. a4 Be6 15. f4 Rhe8 16. Bb5 Kb7 17. a5 a6 18. Bxc6+ Kxc6 19. axb6 Kb5 20. c4+ Kxb6 21. e5 Bf5+ 22. Kd1 Rd3 23. Ke2 1-0


[Site "https://www.chess.com"]

[Event "Late Titled Tuesday Blitz February 8 2022"]
[White "Debray, Christopher"]
[Black "Zakhartsov, Vladimir"]
[WhiteFideId "630810"]
[BlackFideId "4145097"]
[WhiteElo "2369"]
[BlackElo "2432"]
[Result "1-0"]
[Round "01"]
[TimeControl "180+1"]
[Date "2022.02.08"]
[WhiteClock "0:00:49"]
[BlackClock "0:00:18"]

1. d4 Nf6 2. Bf4 c5 3. d5 Qb6 4. Nc3 Qxb2 5. Bd2 Qb6 6. Rb1 Qd8 7. e4 d6 8. f4 Nbd7 9. Nf3 g6 10. Bd3 Bg7 11. O-O O-O 12. Qe2 Ne8 13. e5 Nc7 14. e6 Nb6 15. exf7+ Rxf7 16. Ng5 Rf8 17. Nxh7 Kxh7 18. Qh5+ Kg8 19. Bxg6 Rf6 20. Qh7+ Kf8 21. f5 Rf7 22. Bh6 Ke8 23. Bxf7+ Kxf7 24. Qxg7+ Ke8 25. f6 Kd7 26. f7 Ncxd5 27. Nxd5 Nxd5 28. f8=Q Qa5 29. Rbd1 c4 30. Rxd5 Qxd5 31. Qfxe7+ Kc6 32. Qc7+ Kb5 33. Rb1+ Ka6 34. Qb2 b6 35. Qbxb6+ axb6 36. Qxb6# 1-0


[Site "https://www.chess.com"]

[Event "Late Titled Tuesday Blitz February 8 2022"]
[White "Della Morte, German"]
[Black "Martirosyan, Haik M."]
[WhiteFideId "113522"]
[BlackFideId "13306553"]
[WhiteElo "2363"]
[BlackElo "2735"]
[Result "1-0"]
[Round "01"]
[TimeControl "180+1"]
[Date "2022.02.08"]
[WhiteClock "0:00:30"]
[BlackClock "0:00:06"]

1. e4 c5 2. Nf3 d6 3. d4 cxd4 4. Nxd4 Nf6 5. Nc3 a6 6. Bg5 e6 7. f4 Be7 8. Qf3 Qc7 9. O-O-O Nbd7 10. g4 b5 11. Bxf6 gxf6 12. f5 Ne5 13. Qh3 b4 14. Nce2 Bd7 15. Nf4 Qc8 16. Qh5 Kd8 17. Kb1 Ra7 18. Be2 Kc7 19. Rhg1 Kb8 20. Qh6 Rc7 21. Qg7 Re8 22. Qxh7 a5 23. Qh3 Bf8 24. Qg3 a4 25. h4 a3 26. Qb3 axb2 27. fxe6 fxe6 28. g5 fxg5 29. hxg5 Qb7 30. Nfxe6 Rc3 31. Qd5 Rxe6 32. Nxe6 Bc6 33. Qd4 Bxe4 34. Rd2 Be7 35. Ba6 Qc6 36. Bb5 Qc8 37. Qxe4 Qxe6 38. Qxb4 Rc5 39. Bc4+ Rb5 40. Qxb5+ 1-0


[Site "https://www.chess.com"]

[Event "Late Titled Tuesday Blitz February 8 2022"]
[White "Demchenko, Anton"]
[Black "Dounis, Alexandros"]
[WhiteFideId "4160258"]
[BlackFideId "4213238"]
[WhiteElo "2539"]
[BlackElo "2195"]
[Result "1/2-1/2"]
[Round "01"]
[TimeControl "180+1"]
[Date "2022.02.08"]
[WhiteClock "0:00:03"]
[BlackClock "0:00:07"]

1. e4 e5 2. Nf3 Nc6 3. Bc4 Bc5 4. d3 Nf6 5. Bg5 h6 6. Bh4 g5 7. Bg3 d6 8. c3 a6 9. Nbd2 Qe7 10. a4 Bg4 11. b4 Ba7 12. Qc2 O-O 13. h4 Nh5 14. hxg5 Nxg3 15. fxg3 hxg5 16. O-O-O Kg7 17. Rdf1 f6 18. Ba2 Be6 19. Kb1 Rh8 20. Rxh8 Rxh8 21. a5 Rd8 22. Bd5 Re8 23. Nb3 Nd8 24. Bxe6 Qxe6 25. Nc1 Nc6 26. Ne2 d5 27. Nd2 d4 28. cxd4 Bxd4 29. Nxd4 exd4 30. Qc5 Qd7 31. Rc1 Re5 32. Qc4 Rb5 33. Kc2 Rxb4 34. Qa2 Qg4 35. Nc4 Rxc4+ 36. Qxc4 Qe2+ 37. Kb1 Qxg2 38. Qd5 Nb4 39. Qd7+ Kh6 40. Qf7 Nxd3 41. Qxf6+ Kh5 42. Qf7+ Kg4 43. Qf5+ Kxg3 44. Qxg5+ Kh2 45. Qxg2+ Kxg2 46. Rxc7 Kf3 47. Rxb7 Kxe4 48. Rb6 Nc5 49. Kc2 Kd5 50. Rh6 Kc4 51. Rb6 d3+ 52. Kd1 Kd4 53. Rd6+ Kc3 54. Rc6 Kb4 55. Kd2 Kb5 56. Rh6 Kxa5 57. Kc3 Kb5 58. Rh5 a5 59. Rh8 Kc6 60. Ra8 a4 61. Ra7 Kd5 62. Ra8 Kc6 63. Rc8+ Kb5 64. Rd8 a3 65. Ra8 Na4+ 66. Kb3 Nc5+ 67. Kc3 Na4+ 68. Kb3 Nc5+ 69. Kxa3 Kc4 70. Kb2 Ne4 71. Kc1 Kd4 72. Rd8+ Ke3 73. Kd1 Nf2+ 74. Ke1 Ne4 75. Rd7 d2+ 76. Kd1 Nf2+ 77. Kc2 d1=Q+ 78. Rxd1 Nxd1 1/2-1/2


[Site "https://www.chess.com"]

[Event "Late Titled Tuesday Blitz February 8 2022"]
[White "Dias, Joao Batista"]
[Black "Kouskoutis, Georgios-Alexandros"]
[WhiteFideId "2108240"]
[BlackFideId "4234049"]
[WhiteElo "1898"]
[BlackElo "2130"]
[Result "0-1"]
[Round "01"]
[TimeControl "180+1"]
[Date "2022.02.09"]
[WhiteClock "0:02:23"]
[BlackClock "0:02:08"]

1. e4 c5 2. Nf3 e6 3. d4 cxd4 4. Nxd4 Nc6 5. Nxc6 bxc6 6. Be3 d5 7. exd5 cxd5 8. Bb5+ Bd7 9. Bxd7+ Qxd7 10. O-O Nf6 11. Nd2 Be7 12. c4 O-O 13. cxd5 Nxd5 14. Qe2 Rab8 15. Bd4 Nf4 16. Qe3 Qxd4 17. Qxd4 Ne2+ 18. Kh1 Nxd4 19. b3 Rbc8 0-1


[Site "https://www.chess.com"]

[Event "Late Titled Tuesday Blitz February 8 2022"]
[White "Djokic, Mihailo"]
[Black "Laith, Kasib"]
[WhiteFideId "976440"]
[BlackFideId "4801059"]
[WhiteElo "2008"]
[BlackElo "1982"]
[Result "0-1"]
[Round "01"]
[TimeControl "180+1"]
[Date "2022.02.09"]
[WhiteClock "0:01:02"]
[BlackClock "0:00:16"]

1. d4 d6 2. Nf3 Nf6 3. g3 g6 4. Bg2 Bg7 5. O-O O-O 6. c4 Nc6 7. d5 Na5 8. Qd3 c5 9. Nc3 Bf5 10. e4 Bd7 11. Re1 b5 12. cxb5 c4 13. Qc2 Qc7 14. e5 Ng4 15. e6 Bc8 16. Ng5 fxe6 17. dxe6 Rxf2 18. Qe4 Bb7 19. Nd5 Bxd5 20. Qxd5 Raf8 21. Bf4 Rxb2 22. Rac1 Rxa2 23. Nf7 Qb6+ 24. Be3 Nxe3 25. Qe4 Ng4+ 26. Re3 Nxe3 27. Kh1 Ng4 28. Rf1 Nf2+ 29. Rxf2 Qxf2 30. h4 Ra1+ 31. Kh2 Rg1 32. b6 axb6 33. h5 Rxg2+ 34. Qxg2 Qxg2+ 35. Kxg2 Rxf7 36. exf7+ Kxf7 37. hxg6+ 0-1


[Site "https://www.chess.com"]

[Event "Late Titled Tuesday Blitz February 8 2022"]
[White "Erdogdu, Mert"]
[Black "Vifleemskaia, Svetlana"]
[WhiteFideId "6301495"]
[BlackFideId "4129490"]
[WhiteElo "2485"]
[BlackElo "1901"]
[Result "1-0"]
[Round "01"]
[TimeControl "180+1"]
[Date "2022.02.09"]
[WhiteClock "0:01:04"]
[BlackClock "0:00:37"]

1. e4 e5 2. f4 d5 3. exd5 exf4 4. Nf3 Nf6 5. d4 Nxd5 6. Bc4 Nb6 7. Bb3 Bd6 8. O-O O-O 9. Nc3 c6 10. Ne4 Bc7 11. Ne5 Nd5 12. Bxf4 Nxf4 13. Rxf4 Bxe5 14. dxe5 Qb6+ 15. Kh1 Nd7 16. Qh5 g6 17. Qh6 1-0


[Site "https://www.chess.com"]

[Event "Late Titled Tuesday Blitz February 8 2022"]
[White "Federzoni, Enzo"]
[Black "Dourerassou, Jonathan"]
[WhiteFideId "2173301"]
[BlackFideId "628050"]
[WhiteElo "1956"]
[BlackElo "2513"]
[Result "0-1"]
[Round "01"]
[TimeControl "180+1"]
[Date "2022.02.09"]
[WhiteClock "0:00:02"]
[BlackClock "0:00:35"]

1. c4 d6 2. d4 g6 3. Nf3 Bg7 4. g3 Nf6 5. Bg2 O-O 6. O-O Nbd7 7. Nc3 a6 8. b3 c5 9. Bb2 cxd4 10. Nxd4 Nc5 11. e3 Rb8 12. Qe2 Bg4 13. f3 Bd7 14. Rad1 Qa5 15. Qd2 Rfc8 16. Nd5 Qxd2 17. Nxf6+ Bxf6 18. Rxd2 b5 19. cxb5 axb5 20. e4 b4 21. f4 Bg7 22. Re1 Bb5 23. Nxb5 Bxb2 24. Nxd6 exd6 25. Rxb2 Nd3 26. Ree2 Rc1+ 27. Bf1 Nxb2 28. Rxb2 Re8 29. Re2 d5 30. e5 d4 31. Rd2 Rd8 32. Kf2 Kf8 33. Bc4 Rc3 34. Bd3 Ke7 35. Bc4 Rd7 36. g4 f6 37. e6 Rd6 38. f5 gxf5 39. gxf5 d3 40. Ke3 Rc2 41. Bxd3 Rxd2 42. Kxd2 Rd5 43. Ke3 Ra5 44. Kf3 Rxa2 45. Kg3 Rb2 46. Bc4 Rc2 47. Bd5 Kd6 48. e7 Kxe7 49. Be6 Kd6 50. h3 Ke5 51. Kg4 Rg2+ 52. Kh5 Kf4 53. h4 Rg4 54. Bd7 Rg7 55. Be6 Rc7 56. Kh6 Ke5 57. h5 Rb7 58. Bd7 Rc7 59. Be6 Kf4 60. Bd7 Rc3 61. Be6 Rh3 62. Kxh7 Rxh5+ 63. Kg6 Rh3 64. Kxf6 Rh6+ 65. Ke7 Ke5 66. Kd7 Rh4 67. Kc6 Rf4 68. Kb5 Kd6 69. Bc4 Rxf5+ 70. Kxb4 Kc6 71. Ka3 Kc5 72. Bg8 Rf4 73. Bc4 Kd4 74. Bg8 Kc3 75. Bc4 Rf8 76. Ka4 Rb8 77. Ka5 Kd4 78. Ka6 Kc5 79. Ka5 Ra8+ 80. Ba6 Rb8 81. Bc4 Rb7 82. Ba6 Rxb3 83. Ka4 Rb1 0-1


[Site "https://www.chess.com"]

[Event "Late Titled Tuesday Blitz February 8 2022"]
[White "Fernandez Siles, Luis"]
[Black "Garriga Cazorla, Pere"]
[WhiteFideId "2209420"]
[BlackFideId "32011601"]
[WhiteElo "2212"]
[BlackElo "2458"]
[Result "1/2-1/2"]
[Round "01"]
[TimeControl "180+1"]
[Date "2022.02.09"]
[WhiteClock "0:00:28"]
[BlackClock "0:00:12"]

1. e4 c5 2. Nf3 d6 3. d4 cxd4 4. Nxd4 Nf6 5. Nc3 a6 6. Bg5 Nbd7 7. Qe2 g6 8. O-O-O Bg7 9. h4 h5 10. f4 e5 11. Nf3 Qc7 12. Nd5 Nxd5 13. exd5 O-O 14. fxe5 Nxe5 15. Nxe5 Bxe5 16. Qd2 Bg4 17. Be2 Bxe2 18. Qxe2 Rfe8 19. Qf3 Rac8 20. Qb3 b5 21. Rhe1 a5 22. a4 bxa4 23. Qxa4 Rb8 24. Bf6 Qb6 25. Bxe5 Rxe5 26. b3 Rxe1 27. Rxe1 Kg7 28. Re4 Qg1+ 29. Kb2 Qxg2 30. Qd4+ Kg8 31. Qa7 Rc8 32. Rc4 Re8 33. Qxa5 Qg1 34. Qc3 Kh7 35. Rc8 Rxc8 36. Qxc8 Qd4+ 37. Qc3 Qxd5 38. Qf6 Kg8 39. b4 Qc4 40. c3 d5 41. Kc2 Qa2+ 42. Kd3 Qc4+ 43. Kc2 Qe4+ 44. Kb3 Qc4+ 45. Kc2 1/2-1/2


[Site "https://www.chess.com"]

[Event "Late Titled Tuesday Blitz February 8 2022"]
[White "Fier, Alexandr"]
[Black "Rangel, Daniel"]
[WhiteFideId "2107139"]
[BlackFideId "2124475"]
[WhiteElo "2569"]
[BlackElo "2187"]
[Result "1/2-1/2"]
[Round "01"]
[TimeControl "180+1"]
[Date "2022.02.09"]
[WhiteClock "0:01:28"]
[BlackClock "0:00:45"]

1. d4 Nf6 2. Bg5 g6 3. Bxf6 exf6 4. e3 Bg7 5. g3 O-O 6. Bg2 d6 7. c4 c6 8. Nc3 Na6 9. Nge2 Bg4 10. h3 Bxe2 11. Qxe2 f5 12. O-O Nc7 13. Rfd1 a5 14. a3 Qd7 15. Qc2 Rfe8 16. Na4 Ra6 17. Qb3 Rb8 18. Rac1 Bf8 19. Qa2 Qe6 20. d5 cxd5 21. cxd5 Qe7 22. Nc3 Raa8 23. Ne2 Bg7 24. Nd4 Na6 25. Nb5 Nc5 26. b3 Rc8 27. Qb1 a4 28. bxa4 Nxa4 29. Rxc8+ Rxc8 30. Qb4 Nc3 31. Nxc3 Bxc3 32. Qb5 Be5 33. Rb1 Rc7 34. Qa5 Qd8 35. Qa7 Qc8 36. Bf1 h5 37. h4 Kg7 38. Kg2 Bf6 39. Qb6 Be5 40. a4 Rc2 41. Qxb7 Qc3 42. Qb4 Qxe3 43. Qe1 Qxe1 44. Rxe1 Ra2 45. Bb5 Bd4 46. Rf1 Bc5 47. Kf3 Kf6 48. Kg2 Ke5 49. Re1+ Kxd5 50. Rf1 Ke5 51. Bc4 Rxa4 52. Bxf7 Kf6 53. Bg8 Ra3 54. Rb1 Rc3 55. Bb3 Rd3 56. Bc4 Rd2 57. Rf1 g5 58. hxg5+ Kxg5 59. Kf3 Kf6 60. Be2 Kg5 61. Rh1 Rb2 62. Rh2 Ra2 63. Bd1 Ra3+ 64. Kg2 Ra2 65. Kf1 Kf6 66. Bxh5 Ra1+ 67. Kg2 Ra2 68. Kf3 Ra3+ 69. Kg2 Ra2 70. Kh3 Rxf2 71. Rh1 Rc2 72. Re1 Rc3 73. Kg2 Rc2+ 74. Kh3 Rc3 75. Kg2 Rc2+ 76. Kh1 Rc3 77. g4 fxg4 78. Bxg4 Kg5 79. Bd7 Ra3 80. Kg2 Bd4 81. Re8 Be5 82. Rf8 Ra2+ 83. Kf3 Ra3+ 84. Ke4 Rg3 85. Rf5+ Kg6 86. Be8+ Kg7 87. Kd5 Rd3+ 88. Ke6 Rg3 89. Ke7 Kg8 90. Bd7 Kg7 91. Be6 Kh6 92. Bf7 Kg7 93. Be8 Kh6 94. Rf8 Kg7 95. Rf1 Rg5 96. Bd7 Kg8 97. Bf5 Kg7 98. Be4 Rg4 99. Rf7+ Kg8 100. Bh7+ Kh8 101. Bf5 Rg7 102. Be6 Rxf7+ 103. Bxf7 Kh7 104. Bd5 Kh6 105. Ke6 Kg5 106. Bc4 Kh4 107. Bd5 Kg3 108. Bc6 Kf2 109. Bd5 Ke1 110. Bc6 Kd2 111. Bd5 Kc1 112. Bc6 Kb2 113. Bd5 Ka3 114. Bc6 Kb4 115. Bd5 Ka5 116. Bf3 Kb6 117. Kd5 Kc7 118. Bg4 Kd8 119. Bf5 Kc7 120. Be4 Kb6 121. Bf5 Kb5 122. Be4 Kb4 123. Bf3 Ka3 124. Bg4 Kb2 125. Bh5 Kc1 126. Bg6 Kd2 127. Bf7 Ke1 128. Be8 Kf2 129. Bd7 Kg3 130. Bc8 Kf4 131. Bb7 Kg5 132. Ba6 Kg6 133. Bb5 Kg7 134. Bc6 Kf7 135. Bb7 Ke7 136. Ba8 Kd7 137. Bb7 Kc7 138. Ba6 Kb6 139. Be2 Ka5 140. Bf3 Kb4 141. Bg4 Kc3 142. Bh5 Bf4 143. Bg6 Bg3 144. Bf7 Bf4 145. Be8 Be5 146. Bd7 Bd4 147. Be6 Be5 148. Bf7 Kd3 149. Bg8 Ke3 150. Bh7 Kf4 151. Bg8 Kg5 152. Be6 Kf6 153. Bd7 1/2-1/2


[Site "https://www.chess.com"]

[Event "Late Titled Tuesday Blitz February 8 2022"]
[White "Goltsev, Dmitry"]
[Black "Martinez Alcantara, Jose Eduardo"]
[WhiteFideId "24176710"]
[BlackFideId "3805662"]
[WhiteElo "2273"]
[BlackElo "2690"]
[Result "0-1"]
[Round "01"]
[TimeControl "180+1"]
[Date "2022.02.08"]
[WhiteClock "0:00:04"]
[BlackClock "0:00:08"]

1. e4 c5 2. Nf3 d6 3. d4 cxd4 4. Nxd4 Nf6 5. Nc3 a6 6. Bg5 e6 7. Qd2 Be7 8. O-O-O h6 9. Be3 Ng4 10. Kb1 Nxe3 11. Qxe3 Nc6 12. Nb3 Qc7 13. g3 Bd7 14. f4 b5 15. Bg2 Rb8 16. Rhe1 O-O 17. Nd5 exd5 18. exd5 Nb4 19. c3 Bf6 20. cxb4 Rfe8 21. Qd3 Rxe1 22. Rxe1 Qc4 23. Qxc4 bxc4 24. Na5 Rxb4 25. b3 cxb3 26. axb3 Rb5 27. Nc4 Rxb3+ 28. Ka2 Rb4 29. Bf1 Rb5 30. Rd1 Rc5 31. Nxd6 Ra5+ 32. Kb3 Ba4+ 33. Kb4 Bc3+ 34. Kxc3 Bxd1 35. Bc4 Bf3 36. Kd4 Ra1 37. Kc5 a5 38. Nb5 Rd1 39. d6 Bg4 40. Nd4 a4 41. Nb5 Bd7 42. Nc3 Rc1 43. Kb4 Rc2 44. Ba2 Rd2 45. Bd5 Rd4+ 46. Kc5 Rd3 47. Nb5 Bxb5 48. Be4 Rd2 49. Kxb5 Rxd6 50. Kxa4 Rd4+ 51. Kb3 Rxe4 0-1


[Site "https://www.chess.com"]

[Event "Late Titled Tuesday Blitz February 8 2022"]
[White "Goltseva, Ekaterina"]
[Black "Sviridov, Valery"]
[WhiteFideId "24173770"]
[BlackFideId "4120680"]
[WhiteElo "2140"]
[BlackElo "2454"]
[Result "0-1"]
[Round "01"]
[TimeControl "180+1"]
[Date "2022.02.08"]
[WhiteClock "0:00:14"]
[BlackClock "0:01:22"]

1. d4 g6 2. c4 Bg7 3. e4 d6 4. Nc3 e5 5. Nf3 exd4 6. Nxd4 Nc6 7. Nxc6 bxc6 8. Be2 Ne7 9. O-O O-O 10. Bg5 h6 11. Be3 f5 12. Bd4 Bxd4 13. Qxd4 c5 14. Qd2 f4 15. Bf3 Rb8 16. Rad1 Be6 17. Nd5 Bxd5 18. cxd5 g5 19. Bg4 Ng6 20. Be6+ Kg7 21. Qc3+ Qf6 22. Qa5 Qe7 23. Rb1 Ne5 24. f3 h5 25. h3 c6 26. Qc3 Kh6 27. b4 cxb4 28. Rxb4 c5 29. Ra4 Rb5 30. Qa3 Rb7 31. Kh2 Qg7 32. Ra6 Qc7 33. Rc1 Rfb8 34. Qc3 Rb6 35. Qa5 R8b7 36. Kh1 Rxa6 37. Qxa6 Qb6 38. Qa4 Qb5 39. Qa3 Kg7 40. Rc3 Qb4 41. Qa6 Qb6 42. Qa4 Qb5 43. Qa3 Qf1+ 44. Kh2 Rb1 45. Qxa7+ Kf6 0-1


[Site "https://www.chess.com"]

[Event "Late Titled Tuesday Blitz February 8 2022"]
[White "Golubenko, Valentina"]
[Black "Nikologorskiy, Konstantin"]
[WhiteFideId "4501993"]
[BlackFideId "24111708"]
[WhiteElo "2164"]
[BlackElo "2346"]
[Result "1-0"]
[Round "01"]
[TimeControl "180+1"]
[Date "2022.02.09"]
[WhiteClock "0:00:22"]
[BlackClock "0:00:08"]

1. d4 d5 2. g3 c6 3. Bg2 e6 4. Nf3 Nd7 5. O-O g6 6. b3 Bg7 7. Bb2 Ne7 8. c4 O-O 9. Nc3 b6 10. e4 dxe4 11. Nxe4 Bb7 12. Nd6 Qc7 13. Ba3 Ba6 14. Rc1 Rfd8 15. Qe2 Nf8 16. Nxf7 Kxf7 17. Ng5+ Kg8 18. Nxe6 Nxe6 19. Qxe6+ Kh8 20. Bxe7 Rxd4 21. Qxc6 Qxc6 22. Bxc6 Rc8 23. Bd5 Rd2 24. a3 Rb2 25. b4 Re2 26. Bg5 h6 27. Be3 Bb2 28. Rcd1 Bxc4 29. Bxc4 Rxc4 30. Rd8+ Kg7 31. Rfd1 Bxa3 32. R1d6 Rc7 33. Bd4+ Kf7 34. Rh8 Bxb4 35. Rh7+ Ke8 36. Rh8+ Ke7 37. Rxg6 Kd7 38. Rg7+ Kc6 39. Rxh6+ Kb7 40. Rgg6 Re1+ 41. Kg2 Rec1 42. Rg7 Rxg7 43. Bxg7 a5 44. Rh7 Ka6 45. Bh6 a4 46. Bxc1 1-0


[Site "https://www.chess.com"]

[Event "Late Titled Tuesday Blitz February 8 2022"]
[White "Golubovskis, Maksims"]
[Black "Stearman, Josiah"]
[WhiteFideId "11608528"]
[BlackFideId "2062496"]
[WhiteElo "2066"]
[BlackElo "2402"]
[Result "0-1"]
[Round "01"]
[TimeControl "180+1"]
[Date "2022.02.09"]
[WhiteClock "0:00:01"]
[BlackClock "0:01:30"]

1. e4 c5 2. Nf3 Nc6 3. d4 cxd4 4. Nxd4 g6 5. Nc3 Bg7 6. Nf3 Nf6 7. Bc4 O-O 8. O-O d6 9. Be3 Ng4 10. Bg5 Nge5 11. Nxe5 Nxe5 12. Bb3 h6 13. Be3 Kh7 14. Qd2 Ng4 15. Rad1 Be6 16. Nd5 Nxe3 17. Qxe3 Bxd5 18. exd5 Bxb2 19. Rfe1 Bf6 20. Rd3 Qa5 21. Qe4 Rac8 22. Rh3 Rc3 23. Ree3 Rfc8 24. Rxc3 Rxc3 25. Rxc3 Qxc3 26. h3 Be5 27. f4 f5 28. Qe2 Qd4+ 29. Kh1 Qa1+ 0-1


[Site "https://www.chess.com"]

[Event "Late Titled Tuesday Blitz February 8 2022"]
[White "Grigorov, Grigor"]
[Black "Dobre, Claudiu-Cristian"]
[WhiteFideId "2907313"]
[BlackFideId "1211854"]
[WhiteElo "2510"]
[BlackElo "2207"]
[Result "0-1"]
[Round "01"]
[TimeControl "180+1"]
[Date "2022.02.09"]
[WhiteClock "0:00:13"]
[BlackClock "0:00:08"]

1. Nf3 d5 2. g3 Nf6 3. Bg2 Bg4 4. O-O Nbd7 5. d4 e6 6. c4 c6 7. cxd5 exd5 8. Nc3 Bd6 9. Nh4 Nb6 10. f3 Be6 11. e4 Be7 12. e5 Nfd7 13. f4 Bxh4 14. f5 Bxf5 15. Rxf5 Be7 16. Qg4 g6 17. Rf2 O-O 18. Bh6 Re8 19. Raf1 Bf8 20. Bg5 Be7 21. e6 f5 22. Rxf5 gxf5 23. Rxf5 Bxg5 24. Rxg5+ Kh8 25. exd7 Qxd7 26. Qf4 Qe7 27. Re5 Qf8 28. Rf5 Qe7 29. Re5 Qg7 30. Rg5 Rf8 31. Qg4 Qf6 32. h4 Rg8 33. Kh2 Nc4 34. Ne2 Ne3 35. Qh5 Rxg5 36. hxg5 Qf5 37. Bf3 Rg8 38. Nf4 Rxg5 39. Qe8+ Rg8 40. Qe7 Qg5 41. Qe5+ Qxe5 42. dxe5 Nc4 43. e6 Re8 44. Bh5 Re7 45. Bf7 Kg7 46. Nh5+ Kf8 47. Nf6 Rxf7 48. exf7 Kxf7 49. Nxh7 d4 50. Kg2 Kg6 51. Nf8+ Kf5 52. b3 d3 53. Kf2 Ne5 54. Ke3 c5 55. g4+ Nxg4+ 56. Kxd3 Ne5+ 57. Kc3 b5 58. b4 c4 59. Kd4 a6 60. a3 Kf6 61. Nh7+ Kg6 62. Nf8+ Kf7 63. Nh7 Nf3+ 64. Kc3 Kg7 65. a4 Kxh7 66. a5 Ng5 67. Kd4 Kg6 68. Kc5 Kf6 69. Kb6 Ne4 70. Kxa6 c3 71. Kb7 c2 72. a6 c1=Q 73. a7 Qa3 74. Kb8 Qxa7+ 75. Kxa7 Nc3 76. Kb6 Ke5 77. Kc5 Ke4 78. Kb6 Kd3 79. Ka5 Kc2 80. Kb6 Kb3 81. Ka5 Kc4 0-1


[Site "https://www.chess.com"]